[ AOE2 MATCH · #471119753 ]
UnrankedPersians vs Bengalis
[ REPLAY ANALYSIS · EXTRACTED FROM THE RECORDED GAME ]
Feudal
11:25
Castle
14:37
Imperial
29:12
| APM avg | 40.1 |
| APM peak | 93 |
| eAPM avg | 23.1 |
| Villagers / military | 128 / 151 |
Focus
⚔️ 43.8% · 🌾 56.2%
Knight ×136 · Camel Scout ×6 · Bombard Cannon ×5 · Trebuchet (Packed) ×2 · Monk ×1 · Scout Cavalry ×1
Feudal
11:19
Castle
14:49
Imperial
27:41
| APM avg | 43.2 |
| APM peak | 127 |
| eAPM avg | 24.8 |
| Villagers / military | 137 / 112 |
Focus
⚔️ 43.8% · 🌾 56.2%
Chu Ko Nu ×89 · Monk ×17 · Trebuchet (Packed) ×6
Feudal
10:31
Castle
14:44
Imperial
28:21
| APM avg | 49.5 |
| APM peak | 81 |
| eAPM avg | 26.2 |
| Villagers / military | 150 / 148 |
Focus
⚔️ 42.4% · 🌾 57.6%
Elephant Archer ×138 · Scout Cavalry ×4 · Monk ×3 · Trebuchet (Packed) ×2 · Ratha (Ranged) ×1
Feudal
11:12
Castle
14:46
Imperial
28:33
| APM avg | 20.1 |
| APM peak | 52 |
| eAPM avg | 17.7 |
| Villagers / military | 192 / 73 |
Focus
⚔️ 23.9% · 🌾 76.1%
War Elephant ×64 · Bombard Cannon ×6 · Spearman ×3
Feudal
10:56
Castle
14:51
Imperial
33:12
| APM avg | 58.8 |
| APM peak | 114 |
| eAPM avg | 33.2 |
| Villagers / military | 133 / 212 |
Focus
⚔️ 33.8% · 🌾 66.2%
Scout Cavalry ×128 · Camel Scout ×44 · Monk ×22 · Steppe Lancer ×18
Feudal
10:41
Castle
14:12
Imperial
28:07
| APM avg | 41.5 |
| APM peak | 96 |
| eAPM avg | 24.0 |
| Villagers / military | 148 / 91 |
Focus
⚔️ 26.7% · 🌾 73.3%
Bolas Rider ×68 · Kona ×11 · Trebuchet (Packed) ×7 · Monk ×3 · Mangonel ×1 · Battering Ram ×1
Feudal
12:18
Castle
15:53
Imperial
35:34
| APM avg | 32.6 |
| APM peak | 85 |
| eAPM avg | 26.3 |
| Villagers / military | 105 / 152 |
Focus
⚔️ 34.5% · 🌾 65.5%
Skirmisher ×99 · Berserk ×40 · Battering Ram ×13
Feudal
10:57
Castle
14:34
Imperial
35:42
| APM avg | 25.5 |
| APM peak | 80 |
| eAPM avg | 13.5 |
| Villagers / military | 70 / 38 |
Focus
⚔️ 26.6% · 🌾 73.4%
War Wagon ×24 · Battering Ram ×11 · Petard ×3
Match map
Initial resources + every placement click. Lines = walls · curves = elevation contours. ◆ gold · ⬟ stone · ● berries · ✦ relic · ◌ wall gap
Your base· ✓ Closed at 14:37 · 0t walls · 5 gate(s)
Peter_Pahn's base· ✓ Closed at 14:49 · 9t walls · 2 gate(s)
KappaNub's base· ✓ Closed at 14:44 · 0t walls · 3 gate(s)
OIDA | Thorb0203's base· ✓ Closed at 14:46 · 10t walls · 5 gate(s)
Minaqua's base· ✓ Closed at 14:51 · 0t walls · 2 gate(s)
FMS's base· ✓ Closed at 14:12 · 0t walls · 2 gate(s)
OIDA | Kloerb's base· ✓ Closed at 15:53 · 0t walls · 3 gate(s)
istakoski's base· ✓ Closed at 14:34 · 0t walls · 2 gate(s)
Smoothed initial terrain · ◌ = detected wall gap · hover for details
Inputs per minute
— TrCL.ovoin - - Peter_Pahn
Build order — TrCL.ovoin
First 150 of 381 actions detected
| 0:01 | Create | Villager (Male) |
| 0:01 | Create | Villager (Male) |
| 0:01 | Create | Villager (Male) |
| 0:02 | Build | House |
| 0:04 | Build | House |
| 0:28 | Create | Villager (Male) |
| 0:28 | Create | Villager (Male) |
| 1:21 | Create | Villager (Male) |
| 1:43 | Build | Lumber Camp |
| 1:51 | Create | Villager (Male) |
| 2:09 | Research | Loom |
| 2:22 | Create | Villager (Male) |
| 3:02 | Create | Villager (Male) |
| 3:02 | Create | Villager (Male) |
| 3:17 | Build | Palisade Gate |
| 3:27 | Build | Palisade Gate |
| 3:35 | Build | Palisade Gate |
| 3:40 | Build | House |
| 3:41 | Create | Villager (Male) |
| 3:44 | Create | Villager (Male) |
| 4:16 | Build | House |
| 4:17 | Build | House |
| 4:30 | Create | Villager (Male) |
| 5:07 | Create | Villager (Male) |
| 5:19 | Build | Mill |
| 5:32 | Create | Villager (Male) |
| 6:10 | Create | Villager (Male) |
| 6:16 | Create | Villager (Male) |
| 6:30 | Create | Villager (Male) |
| 7:16 | Create | Villager (Male) |
| 7:33 | Create | Villager (Male) |
| 7:52 | Build | Mining Camp |
| 8:00 | Create | Villager (Male) |
| 8:10 | Create | Villager (Male) |
| 8:43 | Create | Villager (Male) |
| 9:00 | Research | Feudal Age |
| 9:20 | Build | Farm |
| 9:21 | Build | Farm |
| 9:22 | Build | Farm |
| 9:37 | Build | Barracks |
| 10:20 | Create | Villager (Male) |
| 10:20 | Create | Villager (Male) |
| 11:25 | Age | Feudal Age |
| 11:26 | Build | Stable |
| 11:28 | Build | Blacksmith |
| 12:11 | Research | Castle Age |
| 12:21 | Research | Horse Collar |
| 12:39 | Research | Double-Bit Axe |
| 12:45 | Build | House |
| 12:46 | Build | House |
| 12:53 | Build | Farm |
| 12:56 | Build | Farm |
| 13:02 | Build | Farm |
| 13:54 | Create | Villager (Male) |
| 14:37 | Age | Castle Age |
| 14:37 | Create | Knight |
| 14:40 | Create | Villager (Male) |
| 14:41 | Research | Bow Saw |
| 14:46 | Build | Town Center |
| 14:48 | Research | Heavy Plow |
| 14:51 | Build | Farm |
| 14:51 | Build | Farm |
| 15:06 | Create | Knight |
| 15:09 | Create | Villager (Male) |
| 15:35 | Build | Farm |
| 15:36 | Build | Farm |
| 15:44 | Create | Villager (Male) |
| 16:04 | Create | Villager (Male) |
| 16:05 | Create | Villager (Male) |
| 16:09 | Build | Farm |
| 16:11 | Build | Farm |
| 16:17 | Create | Villager (Male) |
| 16:19 | Build | Farm |
| 16:44 | Create | Villager (Male) |
| 16:45 | Create | Villager (Male) |
| 16:58 | Build | Farm |
| 17:00 | Create | Villager (Male) |
| 17:03 | Build | Farm |
| 17:05 | Build | Farm |
| 17:07 | Create | Villager (Male) |
| 17:12 | Create | Villager (Male) |
| 17:27 | Create | Villager (Male) |
| 17:27 | Create | Villager (Male) |
| 17:33 | Build | Farm |
| 17:34 | Build | Farm |
| 17:43 | Create | Villager (Male) |
| 17:46 | Build | House |
| 17:47 | Build | House |
| 17:56 | Create | Villager (Male) |
| 18:00 | Create | Villager (Male) |
| 18:00 | Create | Villager (Male) |
| 18:07 | Build | Town Center |
| 18:16 | Build | Farm |
| 18:20 | Build | Farm |
| 18:26 | Create | Villager (Male) |
| 18:36 | Create | Villager (Male) |
| 18:39 | Build | House |
| 18:40 | Build | House |
| 18:47 | Build | Farm |
| 18:48 | Build | Farm |
| 18:50 | Create | Villager (Male) |
| 18:55 | Build | Farm |
| 19:10 | Create | Villager (Male) |
| 19:10 | Create | Villager (Male) |
| 19:15 | Research | Wheelbarrow |
| 19:15 | Research | Loom |
| 19:38 | Create | Villager (Male) |
| 19:38 | Create | Villager (Male) |
| 19:47 | Create | Camel Scout |
| 19:50 | Build | House |
| 19:51 | Build | House |
| 19:53 | Create | Villager (Male) |
| 19:53 | Create | Villager (Male) |
| 19:58 | Build | Farm |
| 20:00 | Build | Farm |
| 20:01 | Build | Farm |
| 20:04 | Create | Villager (Male) |
| 20:05 | Create | Villager (Male) |
| 20:10 | Build | Lumber Camp |
| 20:18 | Build | Farm |
| 20:19 | Create | Villager (Male) |
| 20:30 | Build | Monastery |
| 20:33 | Build | House |
| 20:34 | Create | Villager (Male) |
| 20:34 | Create | Villager (Male) |
| 20:57 | Create | Villager (Male) |
| 20:58 | Create | Villager (Male) |
| 21:18 | Build | Farm |
| 21:20 | Build | Town Center |
| 21:22 | Create | Villager (Male) |
| 21:23 | Create | Villager (Male) |
| 21:25 | Build | House |
| 21:26 | Build | House |
| 21:27 | Create | Monk |
| 21:32 | Build | Farm |
| 21:34 | Build | Farm |
| 21:37 | Build | Farm |
| 21:41 | Create | Villager (Male) |
| 21:41 | Create | Villager (Male) |
| 21:48 | Create | Villager (Male) |
| 21:49 | Create | Villager (Male) |
| 21:52 | Research | Gold Mining |
| 21:57 | Build | Farm |
| 22:03 | Create | Villager (Male) |
| 22:03 | Create | Villager (Male) |
| 22:07 | Build | Farm |
| 22:08 | Build | Farm |
| 22:08 | Build | Farm |
| 22:08 | Build | Farm |
| 22:20 | Create | Scout Cavalry |
Build order — Peter_Pahn
First 150 of 358 actions detected
| 0:02 | Research | Loom |
| 0:44 | Create | Villager (Male) |
| 0:44 | Create | Villager (Male) |
| 1:14 | Create | Villager (Male) |
| 1:37 | Create | Villager (Male) |
| 1:46 | Build | Lumber Camp |
| 2:02 | Create | Villager (Male) |
| 2:03 | Create | Villager (Male) |
| 2:22 | Create | Villager (Male) |
| 2:23 | Create | Villager (Male) |
| 2:52 | Create | Villager (Male) |
| 2:52 | Create | Villager (Male) |
| 3:13 | Create | Villager (Male) |
| 3:13 | Create | Villager (Male) |
| 3:26 | Build | House |
| 3:26 | Create | Villager (Male) |
| 3:55 | Create | Villager (Male) |
| 3:56 | Create | Villager (Male) |
| 4:02 | Build | House |
| 4:19 | Create | Villager (Male) |
| 4:25 | Build | Mill |
| 4:37 | Build | House |
| 4:51 | Create | Villager (Male) |
| 4:52 | Create | Villager (Male) |
| 5:08 | Build | Palisade Wall |
| 5:13 | Build | Palisade Wall |
| 5:23 | Build | Palisade Wall |
| 5:25 | Build | Palisade Wall |
| 5:25 | Create | Villager (Male) |
| 5:32 | Build | Palisade Wall |
| 5:35 | Build | Palisade Wall |
| 5:36 | Build | Palisade Wall |
| 5:37 | Build | Palisade Wall |
| 5:41 | Build | Palisade Wall |
| 5:44 | Create | Villager (Male) |
| 6:31 | Create | Villager (Male) |
| 6:40 | Create | Villager (Male) |
| 6:47 | Create | Villager (Male) |
| 6:52 | Build | Lumber Camp |
| 6:58 | Create | Villager (Male) |
| 7:30 | Create | Villager (Male) |
| 8:23 | Build | Farm |
| 8:26 | Build | Mining Camp |
| 8:28 | Create | Villager (Male) |
| 8:40 | Build | Farm |
| 9:03 | Research | Feudal Age |
| 9:18 | Create | Villager (Male) |
| 9:18 | Create | Villager (Male) |
| 11:19 | Age | Feudal Age |
| 11:20 | Build | Market |
| 11:23 | Build | Blacksmith |
| 11:30 | Research | Double-Bit Axe |
| 11:30 | Research | Horse Collar |
| 11:35 | Build | Farm |
| 11:40 | Build | Farm |
| 11:55 | Build | Farm |
| 12:07 | Build | Farm |
| 12:09 | Research | Castle Age |
| 12:16 | Build | Farm |
| 12:29 | Build | House |
| 12:32 | Build | Farm |
| 13:02 | Build | Farm |
| 13:23 | Create | Villager (Male) |
| 14:49 | Age | Castle Age |
| 14:51 | Build | Monastery |
| 14:52 | Research | Bow Saw |
| 14:53 | Research | Heavy Plow |
| 14:54 | Create | Villager (Male) |
| 15:03 | Build | Town Center |
| 15:29 | Create | Villager (Male) |
| 15:33 | Create | Monk |
| 15:36 | Create | Villager (Male) |
| 15:55 | Create | Villager (Male) |
| 16:08 | Build | Town Center |
| 16:10 | Create | Villager (Male) |
| 16:14 | Create | Monk |
| 16:14 | Create | Villager (Male) |
| 16:18 | Build | House |
| 16:19 | Create | Villager (Male) |
| 16:54 | Create | Villager (Male) |
| 16:57 | Create | Monk |
| 16:58 | Create | Villager (Male) |
| 17:00 | Create | Villager (Male) |
| 17:05 | Create | Villager (Male) |
| 17:14 | Build | Palisade Gate |
| 17:16 | Create | Villager (Male) |
| 17:18 | Build | House |
| 17:21 | Create | Villager (Male) |
| 17:21 | Create | Villager (Male) |
| 17:22 | Build | Farm |
| 17:23 | Build | Farm |
| 17:23 | Build | Farm |
| 17:23 | Build | Farm |
| 17:23 | Build | Farm |
| 17:29 | Research | Wheelbarrow |
| 17:30 | Create | Villager (Male) |
| 17:34 | Build | House |
| 17:40 | Build | Palisade Gate |
| 17:42 | Create | Villager (Male) |
| 17:50 | Build | Palisade Gate |
| 17:59 | Build | Palisade Wall |
| 18:01 | Create | Monk |
| 18:01 | Create | Villager (Male) |
| 18:04 | Build | Monastery |
| 18:15 | Create | Villager (Male) |
| 18:20 | Build | Farm |
| 18:32 | Build | Farm |
| 18:34 | Build | Farm |
| 18:34 | Create | Villager (Male) |
| 18:40 | Build | Farm |
| 18:52 | Research | Sanctity |
| 18:56 | Create | Villager (Male) |
| 19:06 | Create | Villager (Male) |
| 19:11 | Build | Farm |
| 19:24 | Create | Villager (Male) |
| 19:28 | Build | House |
| 19:30 | Create | Villager (Male) |
| 19:36 | Create | Villager (Male) |
| 19:38 | Build | Farm |
| 19:38 | Create | Villager (Male) |
| 19:41 | Build | Farm |
| 19:44 | Build | Farm |
| 19:57 | Create | Villager (Male) |
| 19:59 | Create | Villager (Male) |
| 20:05 | Create | Monk |
| 20:11 | Create | Villager (Male) |
| 20:13 | Build | Farm |
| 20:13 | Build | Farm |
| 20:17 | Build | Farm |
| 20:20 | Research | Gold Mining |
| 20:28 | Create | Villager (Male) |
| 20:32 | Create | Villager (Male) |
| 20:36 | Build | House |
| 20:38 | Create | Villager (Male) |
| 20:40 | Create | Monk |
| 20:44 | Create | Villager (Male) |
| 20:47 | Build | Farm |
| 20:50 | Create | Villager (Male) |
| 20:59 | Create | Villager (Male) |
| 21:09 | Build | House |
| 21:14 | Build | House |
| 21:28 | Build | House |
| 21:29 | Create | Villager (Male) |
| 21:29 | Create | Villager (Male) |
| 21:33 | Create | Villager (Male) |
| 21:34 | Create | Villager (Male) |
| 21:51 | Create | Villager (Male) |
| 22:06 | Create | Villager (Male) |
| 22:15 | Build | Castle |
| 22:24 | Create | Villager (Male) |
Build order — KappaNub
First 150 of 466 actions detected
| 0:01 | Create | Villager (Male) |
| 0:01 | Create | Villager (Male) |
| 0:01 | Create | Villager (Male) |
| 0:02 | Build | House |
| 0:03 | Build | House |
| 0:14 | Create | Villager (Male) |
| 1:23 | Create | Villager (Male) |
| 1:52 | Create | Villager (Male) |
| 2:21 | Create | Villager (Male) |
| 2:46 | Build | Lumber Camp |
| 2:51 | Create | Villager (Male) |
| 2:57 | Create | Villager (Male) |
| 2:57 | Create | Villager (Male) |
| 3:11 | Create | Villager (Male) |
| 3:21 | Create | Villager (Male) |
| 3:58 | Build | House |
| 4:00 | Create | Villager (Male) |
| 4:01 | Create | Villager (Male) |
| 4:23 | Build | House |
| 4:28 | Create | Villager (Male) |
| 4:39 | Create | Villager (Male) |
| 5:15 | Build | Mill |
| 6:01 | Create | Villager (Male) |
| 6:27 | Create | Villager (Male) |
| 6:51 | Create | Villager (Male) |
| 7:25 | Build | House |
| 7:28 | Create | Villager (Male) |
| 7:36 | Create | Villager (Male) |
| 8:12 | Build | Mining Camp |
| 8:19 | Research | Feudal Age |
| 8:19 | Research | Feudal Age |
| 9:22 | Create | Villager (Male) |
| 9:23 | Create | Villager (Male) |
| 9:31 | Build | Barracks |
| 10:31 | Age | Feudal Age |
| 10:36 | Build | Stable |
| 10:47 | Build | Market |
| 10:59 | Build | Farm |
| 12:04 | Research | Castle Age |
| 12:23 | Research | Double-Bit Axe |
| 12:45 | Build | House |
| 12:45 | Build | House |
| 12:48 | Research | Horse Collar |
| 12:49 | Research | Horse Collar |
| 12:51 | Build | Farm |
| 12:53 | Build | Farm |
| 13:14 | Build | Farm |
| 13:16 | Build | Farm |
| 13:33 | Create | Scout Cavalry |
| 13:36 | Build | Farm |
| 13:40 | Build | House |
| 13:40 | Build | House |
| 14:02 | Create | Scout Cavalry |
| 14:21 | Create | Scout Cavalry |
| 14:40 | Create | Villager (Male) |
| 14:44 | Age | Castle Age |
| 15:04 | Build | Town Center |
| 15:11 | Create | Scout Cavalry |
| 15:13 | Create | Villager (Male) |
| 15:22 | Create | Villager (Male) |
| 15:54 | Build | Monastery |
| 15:56 | Create | Villager (Male) |
| 16:11 | Create | Villager (Male) |
| 16:14 | Build | Farm |
| 16:15 | Build | Farm |
| 16:30 | Create | Villager (Male) |
| 16:48 | Create | Monk |
| 16:53 | Build | Farm |
| 16:56 | Build | Farm |
| 16:57 | Create | Villager (Male) |
| 17:03 | Build | Town Center |
| 17:05 | Create | Villager (Male) |
| 17:07 | Build | Farm |
| 17:15 | Create | Villager (Male) |
| 17:15 | Create | Villager (Male) |
| 17:16 | Create | Villager (Male) |
| 17:20 | Build | Farm |
| 17:23 | Build | Farm |
| 17:39 | Create | Villager (Male) |
| 17:40 | Create | Monk |
| 17:52 | Create | Villager (Male) |
| 17:55 | Build | Farm |
| 17:56 | Build | Farm |
| 17:57 | Build | Farm |
| 17:59 | Create | Villager (Male) |
| 18:01 | Build | Farm |
| 18:04 | Build | Farm |
| 18:08 | Build | Farm |
| 18:09 | Create | Villager (Male) |
| 18:10 | Create | Villager (Male) |
| 18:15 | Build | House |
| 18:29 | Create | Villager (Male) |
| 18:29 | Create | Villager (Male) |
| 18:37 | Create | Villager (Male) |
| 18:38 | Create | Villager (Male) |
| 19:01 | Create | Villager (Male) |
| 19:02 | Create | Villager (Male) |
| 19:03 | Build | House |
| 19:04 | Build | House |
| 19:07 | Create | Villager (Male) |
| 19:10 | Build | Farm |
| 19:12 | Build | Farm |
| 19:18 | Create | Villager (Male) |
| 19:30 | Build | Farm |
| 19:31 | Build | Farm |
| 19:32 | Build | Farm |
| 19:33 | Build | Farm |
| 19:34 | Build | Farm |
| 19:37 | Create | Villager (Male) |
| 19:52 | Create | Villager (Male) |
| 19:52 | Create | Villager (Male) |
| 19:55 | Build | Farm |
| 20:03 | Research | Wheelbarrow |
| 20:06 | Build | House |
| 20:06 | Build | House |
| 20:14 | Create | Villager (Male) |
| 20:25 | Create | Villager (Male) |
| 20:35 | Create | Villager (Male) |
| 20:35 | Create | Villager (Male) |
| 20:36 | Create | Villager (Male) |
| 20:47 | Build | Farm |
| 20:47 | Build | Farm |
| 20:48 | Build | Farm |
| 20:48 | Build | Farm |
| 20:48 | Build | Farm |
| 20:48 | Build | Farm |
| 20:48 | Build | Farm |
| 20:49 | Build | Farm |
| 20:49 | Build | Farm |
| 20:59 | Research | Bow Saw |
| 21:00 | Create | Villager (Male) |
| 21:00 | Create | Villager (Male) |
| 21:17 | Create | Villager (Male) |
| 21:18 | Build | House |
| 21:18 | Build | House |
| 21:20 | Create | Villager (Male) |
| 21:33 | Create | Villager (Male) |
| 21:34 | Create | Villager (Male) |
| 21:41 | Build | Town Center |
| 21:42 | Create | Villager (Male) |
| 21:45 | Create | Villager (Male) |
| 21:45 | Create | Villager (Male) |
| 21:45 | Create | Villager (Male) |
| 21:57 | Create | Villager (Male) |
| 22:01 | Build | Farm |
| 22:02 | Build | Farm |
| 22:07 | Build | Farm |
| 22:10 | Create | Villager (Male) |
| 22:16 | Build | House |
| 22:17 | Build | House |
Build order — OIDA | Thorb0203
First 150 of 366 actions detected
| 0:03 | Create | Villager (Male) |
| 0:03 | Create | Villager (Male) |
| 0:04 | Create | Villager (Male) |
| 0:04 | Create | Villager (Male) |
| 0:04 | Create | Villager (Male) |
| 0:06 | Build | House |
| 0:08 | Build | House |
| 1:32 | Create | Villager (Male) |
| 1:44 | Build | Lumber Camp |
| 2:11 | Create | Villager (Male) |
| 2:11 | Create | Villager (Male) |
| 2:41 | Create | Villager (Male) |
| 2:41 | Create | Villager (Male) |
| 2:58 | Create | Villager (Male) |
| 2:58 | Create | Villager (Male) |
| 3:25 | Build | House |
| 3:58 | Create | Villager (Male) |
| 3:59 | Create | Villager (Male) |
| 4:05 | Build | Palisade Gate |
| 4:11 | Build | Palisade Wall |
| 4:14 | Build | Palisade Wall |
| 4:17 | Build | Palisade Wall |
| 4:29 | Build | Palisade Gate |
| 4:31 | Build | Palisade Wall |
| 4:32 | Build | Palisade Wall |
| 4:33 | Build | Palisade Wall |
| 4:55 | Create | Villager (Male) |
| 4:55 | Create | Villager (Male) |
| 4:58 | Build | Mill |
| 5:18 | Create | Villager (Male) |
| 5:18 | Create | Villager (Male) |
| 5:36 | Create | Villager (Male) |
| 5:43 | Create | Villager (Male) |
| 5:43 | Create | Villager (Male) |
| 6:07 | Build | Farm |
| 6:09 | Build | Farm |
| 6:24 | Build | Farm |
| 6:41 | Build | House |
| 6:44 | Research | Loom |
| 7:06 | Build | Palisade Wall |
| 7:07 | Build | Palisade Wall |
| 7:08 | Build | Palisade Wall |
| 7:09 | Build | Palisade Wall |
| 7:10 | Create | Villager (Male) |
| 7:11 | Create | Villager (Male) |
| 7:12 | Create | Villager (Male) |
| 7:32 | Create | Villager (Male) |
| 7:37 | Create | Villager (Male) |
| 8:12 | Build | House |
| 8:32 | Build | Mining Camp |
| 8:53 | Research | Feudal Age |
| 9:20 | Create | Villager (Male) |
| 9:20 | Create | Villager (Male) |
| 11:12 | Age | Feudal Age |
| 11:16 | Build | Market |
| 11:20 | Build | Blacksmith |
| 11:43 | Create | Villager (Male) |
| 12:17 | Research | Castle Age |
| 12:36 | Research | Double-Bit Axe |
| 13:10 | Build | House |
| 13:11 | Build | House |
| 13:35 | Build | House |
| 13:45 | Research | Horse Collar |
| 13:58 | Create | Villager (Male) |
| 14:46 | Age | Castle Age |
| 14:53 | Build | Town Center |
| 15:00 | Build | Town Center |
| 15:08 | Create | Villager (Male) |
| 15:11 | Build | House |
| 15:25 | Create | Villager (Male) |
| 15:40 | Build | Farm |
| 15:44 | Build | Farm |
| 16:08 | Create | Villager (Male) |
| 16:08 | Create | Villager (Male) |
| 16:17 | Build | Farm |
| 16:19 | Build | Farm |
| 16:20 | Create | Villager (Male) |
| 16:25 | Build | Farm |
| 16:32 | Build | Farm |
| 16:35 | Create | Villager (Male) |
| 16:45 | Create | Villager (Male) |
| 16:45 | Create | Villager (Male) |
| 16:50 | Build | Farm |
| 16:54 | Build | Farm |
| 17:07 | Create | Villager (Male) |
| 17:08 | Create | Villager (Male) |
| 17:09 | Create | Villager (Male) |
| 17:12 | Build | Farm |
| 17:17 | Build | Farm |
| 17:18 | Create | Villager (Male) |
| 17:18 | Create | Villager (Male) |
| 17:21 | Build | Farm |
| 17:30 | Build | Farm |
| 17:31 | Create | Villager (Male) |
| 17:39 | Build | Farm |
| 17:47 | Create | Villager (Male) |
| 17:50 | Build | Farm |
| 17:51 | Create | Villager (Male) |
| 18:00 | Build | Farm |
| 18:03 | Build | Farm |
| 18:05 | Build | Farm |
| 18:09 | Build | Farm |
| 18:09 | Create | Villager (Male) |
| 18:10 | Create | Villager (Male) |
| 18:11 | Create | Villager (Male) |
| 18:11 | Create | Villager (Male) |
| 18:19 | Build | Farm |
| 18:24 | Build | Farm |
| 18:25 | Create | Villager (Male) |
| 18:35 | Build | Farm |
| 18:38 | Create | Villager (Male) |
| 18:47 | Build | Farm |
| 18:49 | Create | Villager (Male) |
| 18:50 | Create | Villager (Male) |
| 18:51 | Create | Villager (Male) |
| 18:54 | Build | Farm |
| 18:58 | Build | Farm |
| 19:01 | Create | Villager (Male) |
| 19:01 | Create | Villager (Male) |
| 19:01 | Create | Villager (Male) |
| 19:27 | Create | Villager (Male) |
| 19:27 | Create | Villager (Male) |
| 19:28 | Create | Villager (Male) |
| 19:40 | Build | Town Center |
| 19:41 | Create | Villager (Male) |
| 19:43 | Create | Villager (Male) |
| 19:43 | Create | Villager (Male) |
| 19:50 | Create | Villager (Male) |
| 19:51 | Create | Villager (Male) |
| 19:54 | Build | Farm |
| 19:57 | Build | Farm |
| 20:08 | Create | Villager (Male) |
| 20:08 | Create | Villager (Male) |
| 20:08 | Create | Villager (Male) |
| 20:12 | Build | House |
| 20:16 | Build | House |
| 20:17 | Build | Farm |
| 20:25 | Build | House |
| 20:26 | Build | House |
| 20:27 | Build | House |
| 20:28 | Build | House |
| 20:29 | Build | House |
| 20:37 | Research | Wheelbarrow |
| 20:39 | Research | Town Watch |
| 20:40 | Create | Villager (Male) ×3 |
| 20:50 | Research | Gold Mining |
| 21:01 | Build | Farm |
| 21:07 | Build | Farm |
| 21:11 | Create | Villager (Male) |
| 21:11 | Create | Villager (Male) |
Build order — Minaqua
First 150 of 493 actions detected
| 0:01 | Create | Villager (Male) |
| 0:02 | Create | Villager (Male) |
| 0:02 | Build | House |
| 0:04 | Build | House |
| 0:08 | Create | Villager (Male) |
| 0:08 | Create | Villager (Male) |
| 1:23 | Create | Villager (Male) |
| 1:46 | Build | Mill |
| 1:49 | Create | Villager (Male) |
| 2:11 | Create | Villager (Male) |
| 2:11 | Create | Villager (Male) |
| 2:41 | Create | Villager (Male) |
| 3:00 | Create | Villager (Male) |
| 3:00 | Create | Villager (Male) |
| 3:30 | Create | Villager (Male) |
| 3:44 | Build | House |
| 3:49 | Create | Villager (Male) |
| 4:00 | Create | Villager (Male) |
| 4:00 | Create | Villager (Male) |
| 4:12 | Create | Villager (Male) |
| 4:18 | Build | House |
| 5:09 | Build | Lumber Camp |
| 5:14 | Create | Villager (Male) |
| 5:32 | Create | Villager (Male) |
| 5:51 | Create | Villager (Male) |
| 6:17 | Create | Villager (Male) |
| 6:37 | Build | Mill |
| 6:55 | Create | Villager (Male) |
| 7:16 | Create | Villager (Male) |
| 7:37 | Create | Villager (Male) |
| 7:54 | Build | Pasture |
| 8:03 | Research | Feudal Age |
| 8:11 | Create | Villager (Male) |
| 8:22 | Research | Feudal Age |
| 8:27 | Build | Mining Camp |
| 9:25 | Build | Barracks |
| 9:37 | Build | House |
| 9:54 | Create | Villager (Male) |
| 9:54 | Create | Villager (Male) |
| 10:56 | Age | Feudal Age |
| 10:58 | Build | Stable |
| 11:27 | Build | Blacksmith |
| 11:30 | Create | Villager (Male) |
| 12:09 | Research | Castle Age |
| 12:21 | Research | Tech 1014 |
| 12:50 | Build | Pasture |
| 12:54 | Research | Double-Bit Axe |
| 13:14 | Build | Pasture |
| 13:28 | Build | House |
| 13:31 | Create | Scout Cavalry |
| 13:42 | Build | Pasture |
| 13:51 | Build | House |
| 13:54 | Create | Scout Cavalry |
| 14:10 | Build | Pasture |
| 14:18 | Create | Scout Cavalry |
| 14:50 | Create | Scout Cavalry |
| 14:51 | Age | Castle Age |
| 14:58 | Build | Monastery |
| 15:04 | Research | Light Cavalry (upgrade) |
| 15:04 | Create | Villager (Male) |
| 15:27 | Create | Villager (Male) |
| 15:36 | Build | Pasture |
| 15:44 | Build | House |
| 15:44 | Create | Monk |
| 15:54 | Create | Villager (Male) |
| 16:10 | Create | Villager (Male) |
| 16:19 | Build | House |
| 16:20 | Research | Bow Saw |
| 16:24 | Create | Scout Cavalry |
| 16:39 | Create | Villager (Male) |
| 16:50 | Build | House |
| 16:55 | Create | Monk |
| 17:03 | Research | Forging |
| 17:13 | Create | Villager (Male) |
| 17:23 | Build | House |
| 17:33 | Create | Villager (Male) |
| 17:55 | Build | Town Center |
| 17:57 | Create | Villager (Male) |
| 18:18 | Build | House |
| 18:25 | Create | Villager (Male) |
| 18:27 | Research | Scale Barding Armor |
| 18:38 | Create | Villager (Male) |
| 18:44 | Create | Scout Cavalry |
| 18:49 | Build | House |
| 18:50 | Create | Monk |
| 19:17 | Create | Villager (Male) |
| 19:21 | Build | House |
| 19:25 | Build | Town Center |
| 19:28 | Create | Villager (Male) |
| 19:39 | Create | Scout Cavalry |
| 19:41 | Create | Villager (Male) |
| 19:43 | Create | Villager (Male) |
| 19:52 | Build | House |
| 20:07 | Create | Villager (Male) |
| 20:08 | Create | Scout Cavalry |
| 20:13 | Build | Pasture |
| 20:16 | Create | Villager (Male) |
| 20:21 | Build | Mining Camp |
| 20:33 | Create | Villager (Male) |
| 20:36 | Build | Pasture |
| 20:43 | Build | House |
| 20:45 | Create | Villager (Male) |
| 20:53 | Create | Villager (Male) |
| 21:14 | Create | Villager (Male) |
| 21:22 | Create | Villager (Male) |
| 21:32 | Create | Villager (Male) |
| 21:32 | Create | Scout Cavalry |
| 21:35 | Build | Market |
| 21:36 | Create | Villager (Male) |
| 21:40 | Build | Pasture |
| 21:46 | Create | Scout Cavalry |
| 21:46 | Create | Scout Cavalry |
| 21:54 | Create | Villager (Male) |
| 21:54 | Create | Villager (Male) |
| 22:03 | Create | Villager (Male) |
| 22:07 | Build | Pasture |
| 22:14 | Create | Villager (Male) |
| 22:16 | Build | Pasture |
| 22:19 | Create | Villager (Male) |
| 22:28 | Create | Villager (Male) |
| 22:46 | Create | Villager (Male) |
| 22:47 | Create | Villager (Male) |
| 22:59 | Build | House |
| 23:00 | Create | Villager (Male) |
| 23:00 | Create | Villager (Male) |
| 23:03 | Create | Villager (Male) |
| 23:06 | Build | Town Center |
| 23:10 | Research | Wheelbarrow |
| 23:31 | Build | House |
| 23:40 | Create | Villager (Male) |
| 23:45 | Build | Pasture |
| 23:47 | Build | Pasture |
| 23:49 | Create | Villager (Male) |
| 23:53 | Build | Pasture |
| 23:55 | Research | Chain Barding Armor |
| 23:56 | Create | Villager (Male) |
| 24:01 | Research | Tech 1013 |
| 24:01 | Research | Tech 1013 |
| 24:02 | Create | Villager (Male) |
| 24:02 | Create | Villager (Male) |
| 24:04 | Build | House |
| 24:11 | Create | Villager (Male) |
| 24:15 | Create | Villager (Male) |
| 24:17 | Build | Pasture |
| 24:23 | Create | Steppe Lancer |
| 24:26 | Create | Villager (Male) |
| 24:35 | Build | Stable |
| 24:36 | Create | Steppe Lancer |
| 24:51 | Create | Villager (Male) |
| 24:58 | Create | Villager (Male) |
Build order — FMS
First 150 of 374 actions detected
| 0:00 | Create | Villager (Male) |
| 0:00 | Create | Villager (Male) |
| 0:00 | Create | Villager (Male) |
| 0:01 | Create | Villager (Male) |
| 0:02 | Build | House |
| 0:04 | Build | House |
| 1:10 | Create | Villager (Male) |
| 1:46 | Build | Settlement |
| 1:49 | Create | Villager (Male) |
| 2:16 | Create | Villager (Male) |
| 2:58 | Create | Villager (Male) |
| 3:16 | Create | Villager (Male) |
| 3:37 | Create | Villager (Male) |
| 3:51 | Create | Villager (Male) |
| 4:22 | Create | Villager (Male) |
| 4:51 | Create | Villager (Male) |
| 5:11 | Build | House |
| 5:20 | Create | Villager (Male) |
| 5:53 | Create | Villager (Male) |
| 6:19 | Build | Settlement |
| 6:26 | Create | Villager (Male) |
| 6:27 | Create | Villager (Male) |
| 6:43 | Create | Villager (Male) |
| 7:01 | Build | Farm |
| 7:17 | Create | Villager (Male) |
| 7:54 | Create | Villager (Male) |
| 8:07 | Research | Feudal Age |
| 8:54 | Create | Villager (Male) |
| 8:55 | Create | Villager (Male) |
| 10:41 | Age | Feudal Age |
| 10:43 | Build | Market |
| 10:45 | Build | Blacksmith |
| 11:06 | Build | House |
| 11:19 | Research | Double-Bit Axe |
| 11:32 | Research | Castle Age |
| 11:35 | Research | Horse Collar |
| 13:08 | Create | Villager (Male) |
| 13:09 | Create | Villager (Male) |
| 13:29 | Build | Farm |
| 13:30 | Build | Farm |
| 14:12 | Age | Castle Age |
| 14:13 | Build | Town Center |
| 14:16 | Build | Town Center |
| 14:18 | Create | Villager (Male) |
| 14:22 | Research | Bow Saw |
| 14:28 | Build | Farm |
| 14:50 | Build | Farm |
| 15:04 | Build | Farm |
| 15:13 | Create | Villager (Male) |
| 15:34 | Create | Villager (Male) |
| 15:36 | Create | Villager (Male) |
| 15:37 | Create | Villager (Male) |
| 15:40 | Research | Heavy Plow |
| 15:42 | Create | Villager (Male) |
| 15:43 | Create | Villager (Male) |
| 15:52 | Build | Farm |
| 16:02 | Build | Farm |
| 16:04 | Create | Villager (Male) |
| 16:19 | Build | Monastery |
| 16:26 | Build | Farm |
| 16:30 | Build | Farm |
| 16:41 | Create | Villager (Male) |
| 16:45 | Create | Villager (Male) |
| 16:46 | Create | Villager (Male) |
| 16:48 | Create | Villager (Male) |
| 17:08 | Build | Farm |
| 17:11 | Research | Loom |
| 17:13 | Create | Villager (Male) |
| 17:19 | Create | Villager (Male) |
| 17:22 | Build | Farm |
| 17:27 | Build | Farm |
| 17:29 | Build | Farm |
| 17:43 | Create | Villager (Male) |
| 17:46 | Build | Farm |
| 17:51 | Build | Farm |
| 17:52 | Create | Villager (Male) |
| 17:55 | Build | Farm |
| 18:02 | Build | House |
| 18:04 | Create | Monk |
| 18:09 | Create | Villager (Male) |
| 18:17 | Create | Villager (Male) |
| 18:19 | Build | Farm |
| 18:23 | Create | Villager (Male) |
| 18:26 | Build | Farm |
| 18:36 | Build | House |
| 18:38 | Create | Villager (Male) |
| 18:40 | Build | Farm |
| 18:44 | Create | Villager (Male) |
| 18:51 | Create | Villager (Male) |
| 18:55 | Create | Villager (Male) |
| 19:07 | Build | House |
| 19:12 | Create | Monk |
| 19:14 | Create | Villager (Male) |
| 19:16 | Build | Farm |
| 19:22 | Build | Farm |
| 19:23 | Create | Villager (Male) |
| 19:26 | Create | Villager (Male) |
| 19:36 | Build | Farm |
| 19:37 | Create | Villager (Male) |
| 19:44 | Create | Villager (Male) |
| 19:48 | Build | House |
| 19:51 | Create | Villager (Male) |
| 19:55 | Build | Farm |
| 19:55 | Build | Farm |
| 19:57 | Build | Farm |
| 19:58 | Build | Farm |
| 19:59 | Create | Villager (Male) |
| 20:01 | Create | Villager (Male) |
| 20:03 | Build | Farm |
| 20:06 | Create | Villager (Male) |
| 20:12 | Build | House |
| 20:28 | Research | Wheelbarrow |
| 20:42 | Create | Villager (Male) |
| 20:50 | Build | House |
| 20:53 | Build | Farm |
| 20:54 | Build | Farm |
| 20:56 | Create | Villager (Male) |
| 20:56 | Create | Villager (Male) |
| 21:13 | Create | Villager (Male) |
| 21:20 | Build | House |
| 21:21 | Create | Villager (Male) |
| 21:22 | Create | Villager (Male) |
| 21:22 | Create | Villager (Male) |
| 21:22 | Create | Villager (Male) |
| 21:32 | Create | Villager (Male) |
| 21:34 | Create | Villager (Male) |
| 21:37 | Build | Farm |
| 21:37 | Build | Farm |
| 21:37 | Build | Farm |
| 21:37 | Build | Farm |
| 21:38 | Build | Farm |
| 21:42 | Build | Farm |
| 22:00 | Build | Castle |
| 22:01 | Create | Villager (Male) |
| 22:03 | Build | House |
| 22:06 | Build | Farm |
| 22:07 | Create | Villager (Male) |
| 22:15 | Build | Settlement |
| 22:16 | Create | Villager (Male) |
| 22:27 | Research | Town Watch |
| 22:28 | Create | Villager (Male) |
| 22:31 | Create | Villager (Male) |
| 22:35 | Build | Settlement |
| 22:39 | Build | House |
| 22:40 | Create | Villager (Male) |
| 22:47 | Create | Villager (Male) |
| 22:55 | Create | Villager (Male) |
| 22:58 | Create | Villager (Male) |
| 23:13 | Build | University |
| 23:15 | Create | Villager (Male) |
Build order — OIDA | Kloerb
First 150 of 324 actions detected
| 0:04 | Create | Villager (Male) |
| 0:04 | Create | Villager (Male) |
| 0:04 | Create | Villager (Male) |
| 0:05 | Create | Villager (Male) |
| 0:06 | Build | House |
| 0:07 | Build | House |
| 1:37 | Create | Villager (Male) |
| 1:48 | Build | Lumber Camp |
| 1:56 | Create | Villager (Male) |
| 2:26 | Create | Villager (Male) |
| 3:01 | Create | Villager (Male) |
| 3:01 | Create | Villager (Male) |
| 3:02 | Create | Villager (Male) |
| 3:32 | Create | Villager (Male) |
| 3:54 | Build | House |
| 3:56 | Build | House |
| 4:18 | Create | Villager (Male) |
| 4:18 | Create | Villager (Male) |
| 4:36 | Create | Villager (Male) |
| 4:36 | Create | Villager (Male) |
| 4:47 | Build | Mill |
| 5:16 | Create | Villager (Male) |
| 5:16 | Create | Villager (Male) |
| 5:57 | Create | Villager (Male) |
| 5:57 | Create | Villager (Male) |
| 6:22 | Create | Villager (Male) |
| 6:42 | Create | Villager (Male) |
| 6:43 | Create | Villager (Male) |
| 6:43 | Create | Villager (Male) |
| 6:53 | Build | Lumber Camp |
| 7:52 | Create | Villager (Male) |
| 8:14 | Build | Farm |
| 8:17 | Build | Farm |
| 8:20 | Build | Farm |
| 8:27 | Build | House |
| 8:33 | Create | Villager (Male) |
| 8:50 | Create | Villager (Male) |
| 9:02 | Build | Mining Camp |
| 9:17 | Create | Villager (Male) |
| 9:45 | Research | Feudal Age |
| 9:47 | Build | Mining Camp |
| 11:07 | Build | House |
| 11:10 | Create | Villager (Male) |
| 11:37 | Create | Villager (Male) |
| 12:18 | Age | Feudal Age |
| 12:23 | Build | Blacksmith |
| 12:25 | Build | Market |
| 13:06 | Research | Double-Bit Axe |
| 13:13 | Research | Castle Age |
| 13:39 | Research | Horse Collar |
| 13:41 | Build | Farm |
| 13:43 | Build | Farm |
| 13:47 | Build | Farm |
| 14:04 | Create | Villager (Male) |
| 14:04 | Create | Villager (Male) |
| 14:10 | Research | Scale Mail Armor |
| 14:26 | Research | Town Watch |
| 14:31 | Research | Loom |
| 14:46 | Research | Gold Mining |
| 14:47 | Research | Stone Mining |
| 14:58 | Build | Farm |
| 15:00 | Build | Farm |
| 15:05 | Build | Farm |
| 15:16 | Research | Town Watch |
| 15:53 | Age | Castle Age |
| 15:55 | Build | Castle |
| 16:20 | Build | Barracks |
| 16:28 | Research | Bow Saw |
| 16:41 | Create | Villager (Male) |
| 16:52 | Create | Villager (Male) |
| 16:59 | Build | Farm |
| 17:02 | Build | Farm |
| 17:17 | Create | Villager (Male) |
| 17:19 | Create | Berserk |
| 17:19 | Create | Berserk |
| 17:19 | Create | Berserk |
| 17:41 | Build | Farm |
| 17:44 | Create | Villager (Male) |
| 17:57 | Build | Farm |
| 18:02 | Create | Berserk |
| 18:05 | Create | Villager (Male) |
| 18:19 | Create | Berserk |
| 18:23 | Build | Siege Workshop |
| 18:48 | Create | Villager (Male) |
| 18:51 | Build | Farm |
| 18:52 | Create | Berserk |
| 18:52 | Create | Berserk |
| 18:52 | Create | Berserk |
| 18:56 | Create | Villager (Male) |
| 18:56 | Create | Villager (Male) |
| 19:03 | Create | Villager (Male) |
| 19:05 | Create | Berserk |
| 19:08 | Research | Heavy Plow |
| 19:24 | Build | Farm |
| 19:25 | Build | Farm |
| 19:32 | Create | Villager (Male) |
| 19:42 | Build | Farm |
| 19:43 | Create | Villager (Male) |
| 19:43 | Create | Villager (Male) |
| 19:47 | Create | Villager (Male) |
| 19:51 | Create | Berserk |
| 20:01 | Build | Farm |
| 20:04 | Create | Berserk |
| 20:16 | Create | Battering Ram |
| 20:20 | Create | Berserk |
| 20:26 | Create | Villager (Male) |
| 20:26 | Create | Villager (Male) |
| 20:50 | Create | Battering Ram |
| 20:51 | Create | Berserk |
| 21:13 | Create | Villager (Male) |
| 21:16 | Create | Berserk |
| 21:19 | Create | Battering Ram |
| 21:28 | Create | Villager (Male) |
| 21:35 | Create | Berserk |
| 21:40 | Build | House |
| 21:46 | Build | House |
| 21:47 | Build | House |
| 21:47 | Build | House |
| 21:51 | Create | Berserk |
| 21:59 | Research | Squires |
| 22:05 | Build | Siege Workshop |
| 22:16 | Create | Villager (Male) |
| 22:17 | Create | Berserk |
| 22:18 | Create | Battering Ram |
| 22:35 | Create | Berserk |
| 22:37 | Research | Forging |
| 22:52 | Create | Villager (Male) |
| 22:54 | Create | Battering Ram |
| 22:57 | Create | Berserk |
| 22:57 | Create | Berserk |
| 23:14 | Create | Villager (Male) |
| 23:14 | Create | Villager (Male) |
| 23:30 | Build | Monastery |
| 23:37 | Create | Berserk |
| 23:37 | Create | Berserk |
| 23:37 | Create | Berserk |
| 23:51 | Create | Battering Ram |
| 24:18 | Create | Villager (Male) |
| 24:18 | Create | Villager (Male) |
| 24:18 | Create | Villager (Male) |
| 24:21 | Create | Battering Ram |
| 24:26 | Create | Berserk |
| 24:26 | Create | Berserk |
| 24:26 | Create | Berserk |
| 24:38 | Build | Castle |
| 24:47 | Create | Berserk |
| 24:48 | Create | Villager (Male) |
| 24:48 | Create | Villager (Male) |
| 24:51 | Create | Battering Ram |
| 24:57 | Build | House |
Build order — istakoski
First 150 of 202 actions detected
| 0:00 | Create | Villager (Male) |
| 0:01 | Create | Villager (Male) |
| 0:02 | Build | House |
| 0:05 | Build | House |
| 0:10 | Create | Villager (Male) |
| 0:10 | Create | Villager (Male) |
| 1:23 | Create | Villager (Male) |
| 1:54 | Build | Lumber Camp |
| 1:55 | Create | Villager (Male) |
| 2:27 | Create | Villager (Male) |
| 2:47 | Create | Villager (Male) |
| 3:12 | Create | Villager (Male) |
| 3:39 | Build | House |
| 3:42 | Create | Villager (Male) |
| 3:42 | Create | Villager (Male) |
| 4:09 | Create | Villager (Male) |
| 4:21 | Build | Mill |
| 4:27 | Create | Villager (Male) |
| 4:56 | Create | Villager (Male) |
| 5:27 | Create | Villager (Male) |
| 5:46 | Create | Villager (Male) |
| 5:48 | Build | House |
| 6:13 | Create | Villager (Male) |
| 6:38 | Create | Villager (Male) |
| 6:52 | Create | Villager (Male) |
| 7:18 | Build | Mill |
| 7:24 | Create | Villager (Male) |
| 7:48 | Create | Villager (Male) |
| 8:00 | Build | Mining Camp |
| 8:17 | Create | Villager (Male) |
| 8:41 | Research | Feudal Age |
| 9:12 | Build | House |
| 9:27 | Create | Villager (Male) |
| 9:27 | Create | Villager (Male) |
| 9:53 | Build | Farm |
| 9:58 | Build | Farm |
| 10:57 | Age | Feudal Age |
| 11:00 | Build | Market |
| 11:02 | Build | Blacksmith |
| 11:54 | Research | Castle Age |
| 12:07 | Build | Mining Camp |
| 12:14 | Research | Double-Bit Axe |
| 12:22 | Build | House |
| 12:45 | Build | House |
| 13:19 | Research | Stone Mining |
| 14:13 | Create | Villager (Male) |
| 14:29 | Build | Farm |
| 14:34 | Age | Castle Age |
| 14:43 | Build | Castle |
| 15:08 | Build | Castle |
| 15:12 | Create | Villager (Male) |
| 15:12 | Create | Villager (Male) |
| 15:12 | Create | Villager (Male) |
| 15:31 | Build | Castle |
| 15:45 | Build | Mining Camp |
| 15:58 | Build | Farm |
| 15:58 | Build | Farm |
| 16:11 | Research | Gold Mining |
| 16:25 | Research | Loom |
| 17:06 | Create | Villager (Male) |
| 17:25 | Research | Horse Collar |
| 17:31 | Create | Villager (Male) |
| 17:36 | Build | Farm |
| 17:43 | Create | Villager (Male) |
| 17:46 | Create | War Wagon |
| 17:58 | Create | War Wagon |
| 18:01 | Create | Villager (Male) |
| 18:04 | Build | Farm |
| 18:20 | Create | Villager (Male) |
| 18:24 | Create | War Wagon |
| 18:27 | Build | Farm |
| 18:47 | Create | War Wagon |
| 19:00 | Build | Farm |
| 19:03 | Create | Villager (Male) |
| 19:15 | Build | Farm |
| 19:19 | Create | Villager (Male) |
| 19:42 | Create | Villager (Male) |
| 19:48 | Create | War Wagon |
| 20:07 | Create | Petard |
| 20:08 | Create | Petard |
| 20:08 | Create | Petard |
| 20:14 | Create | Villager (Male) |
| 20:36 | Build | Castle |
| 20:47 | Create | War Wagon |
| 21:01 | Create | Villager (Male) |
| 21:01 | Create | Villager (Male) |
| 21:02 | Create | Villager (Male) |
| 21:06 | Build | Farm |
| 21:06 | Build | Farm |
| 21:46 | Build | Castle |
| 21:51 | Create | War Wagon |
| 21:52 | Create | War Wagon |
| 22:15 | Create | War Wagon |
| 22:22 | Create | Villager (Male) |
| 22:22 | Create | Villager (Male) |
| 22:29 | Build | Farm |
| 22:32 | Create | Villager (Male) |
| 23:09 | Create | Villager (Male) |
| 23:22 | Create | War Wagon |
| 23:23 | Create | War Wagon |
| 23:23 | Create | War Wagon |
| 23:38 | Build | Siege Workshop |
| 23:40 | Create | Villager (Male) |
| 23:55 | Build | Farm |
| 23:58 | Build | Farm |
| 23:59 | Create | Villager (Male) |
| 24:31 | Build | Lumber Camp |
| 24:33 | Research | Bow Saw |
| 24:46 | Create | Villager (Male) |
| 25:11 | Create | Battering Ram |
| 25:21 | Create | Villager (Male) |
| 25:21 | Create | Villager (Male) |
| 25:54 | Create | Battering Ram |
| 25:57 | Create | Battering Ram |
| 25:58 | Create | Villager (Male) |
| 26:00 | Create | War Wagon |
| 26:14 | Create | War Wagon |
| 26:21 | Create | Villager (Male) |
| 26:22 | Create | Villager (Male) |
| 26:51 | Create | Villager (Male) |
| 26:57 | Create | Battering Ram |
| 27:12 | Build | Mining Camp |
| 27:19 | Build | Mining Camp |
| 27:24 | Create | Villager (Male) |
| 27:26 | Create | Battering Ram |
| 27:28 | Create | War Wagon |
| 27:45 | Build | House |
| 27:46 | Build | House |
| 27:46 | Build | House |
| 27:47 | Build | House |
| 27:58 | Create | War Wagon |
| 28:07 | Build | House |
| 28:08 | Build | House |
| 28:17 | Create | Villager (Male) |
| 28:18 | Create | Battering Ram |
| 28:26 | Build | Farm |
| 28:33 | Create | War Wagon |
| 29:03 | Create | War Wagon |
| 29:04 | Create | War Wagon |
| 29:09 | Create | War Wagon |
| 29:10 | Create | Battering Ram |
| 29:39 | Create | Villager (Male) |
| 29:39 | Create | Villager (Male) |
| 29:44 | Create | Battering Ram |
| 29:45 | Create | War Wagon |
| 30:02 | Create | Villager (Male) |
| 30:19 | Create | War Wagon |
| 30:21 | Create | Battering Ram |
| 30:34 | Create | Villager (Male) |
| 30:55 | Create | War Wagon |
Match timeline
| 4:11 | OIDA | Thorb0203 · wall_segment Palisade Wall x1 |
| 4:14 | OIDA | Thorb0203 · wall_segment Palisade Wall x1 |
| 4:17 | OIDA | Thorb0203 · wall_segment Palisade Wall x1 |
| 4:31 | OIDA | Thorb0203 · wall_segment Palisade Wall x1 |
| 4:32 | OIDA | Thorb0203 · wall_segment Palisade Wall x1 |
| 4:33 | OIDA | Thorb0203 · wall_segment Palisade Wall x1 |
| 5:08 | Peter_Pahn · wall_segment Palisade Wall x1 |
| 5:13 | Peter_Pahn · wall_segment Palisade Wall x1 |
| 5:23 | Peter_Pahn · wall_segment Palisade Wall x1 |
| 5:25 | Peter_Pahn · wall_segment Palisade Wall x1 |
| 5:32 | Peter_Pahn · wall_segment Palisade Wall x1 |
| 5:35 | Peter_Pahn · wall_segment Palisade Wall x1 |
| 5:36 | Peter_Pahn · wall_segment Palisade Wall x1 |
| 5:37 | Peter_Pahn · wall_segment Palisade Wall x1 |
| 5:41 | Peter_Pahn · wall_segment Palisade Wall x1 |
| 7:06 | OIDA | Thorb0203 · wall_segment Palisade Wall x1 |
| 7:07 | OIDA | Thorb0203 · wall_segment Palisade Wall x1 |
| 7:08 | OIDA | Thorb0203 · wall_segment Palisade Wall x1 |
| 7:09 | OIDA | Thorb0203 · wall_segment Palisade Wall x1 |
| 9:25 | Minaqua · first_building Barracks |
| 9:31 | KappaNub · first_building Barracks |
| 9:37 | TrCL.ovoin · first_building Barracks |
| 10:31 | KappaNub · age_up feudal |
| 10:36 | KappaNub · first_building Stable |
| 10:41 | FMS · age_up feudal |
| 10:56 | Minaqua · age_up feudal |
| 10:57 | istakoski · age_up feudal |
| 10:58 | Minaqua · first_building Stable |
| 11:12 | OIDA | Thorb0203 · age_up feudal |
| 11:19 | Peter_Pahn · age_up feudal |
| 11:25 | TrCL.ovoin · age_up feudal |
| 11:26 | TrCL.ovoin · first_building Stable |
| 11:42 | KappaNub · first_market_buy 100 food |
| 11:43 | KappaNub · first_market_sell 100 wood |
| 12:18 | OIDA | Kloerb · age_up feudal |
| 14:12 | FMS · age_up castle |
| 14:34 | istakoski · age_up castle |
| 14:37 | TrCL.ovoin · age_up castle |
| 14:43 | istakoski · first_building Castle |
| 14:44 | KappaNub · age_up castle |
| 14:46 | OIDA | Thorb0203 · age_up castle |
| 14:49 | Peter_Pahn · age_up castle |
| 14:51 | Peter_Pahn · first_building Monastery |
| 14:51 | Minaqua · age_up castle |
| 14:58 | Minaqua · first_building Monastery |
| 15:53 | OIDA | Kloerb · age_up castle |
| 15:54 | KappaNub · first_building Monastery |
| 15:55 | OIDA | Kloerb · first_building Castle |
| 16:19 | FMS · first_building Monastery |
| 16:20 | OIDA | Kloerb · first_building Barracks |
| 16:45 | FMS · first_market_buy 100 food |
| 17:11 | FMS · first_market_sell 100 wood |
| 17:23 | istakoski · first_market_buy 100 food |
| 17:55 | OIDA | Thorb0203 · first_market_buy 100 food |
| 17:59 | Peter_Pahn · wall_segment Palisade Wall x1 |
| 18:23 | OIDA | Kloerb · first_building Siege Workshop |
| 18:48 | OIDA | Kloerb · first_market_buy 100 food |
| 20:30 | TrCL.ovoin · first_building Monastery |
| 22:00 | FMS · first_building Castle |
| 22:15 | Peter_Pahn · first_building Castle |
| 23:09 | Minaqua · first_market_buy 100 food |
| 23:30 | OIDA | Kloerb · first_building Monastery |
| 23:38 | istakoski · first_building Siege Workshop |
| 23:59 | Peter_Pahn · first_market_sell 500 wood |
| 24:01 | Peter_Pahn · first_market_buy 100 food |
| 24:37 | Peter_Pahn · wall_segment Palisade Wall x5 |
| 24:40 | FMS · first_building Siege Workshop |
| 24:48 | FMS · wall_segment Stone Wall x8 |
| 24:54 | FMS · wall_segment Stone Wall x12 |
| 24:55 | OIDA | Thorb0203 · first_building Siege Workshop |
| 25:09 | KappaNub · tribute_sent a jugador 1 |
| 25:09 | KappaNub · tribute_sent a jugador 3 |
| 25:09 | KappaNub · tribute_sent a jugador 4 |
| 25:09 | KappaNub · tribute_sent a jugador 5 |
| 25:09 | KappaNub · tribute_sent a jugador 6 |
| 25:09 | KappaNub · tribute_sent a jugador 7 |
| 25:09 | KappaNub · tribute_sent a jugador 8 |
| 25:26 | KappaNub · first_building Archery Range |
| 25:41 | Peter_Pahn · first_building Barracks |
| 26:06 | OIDA | Thorb0203 · first_building Barracks |
| 26:37 | OIDA | Thorb0203 · first_building Castle |
| 26:56 | istakoski · first_market_sell 100 food |
| 27:39 | OIDA | Thorb0203 · first_building Stable |
| 27:41 | Peter_Pahn · age_up imperial |
| 27:57 | FMS · first_building Barracks |
| 28:00 | Minaqua · first_market_sell 500 wood |
| 28:07 | FMS · age_up imperial |
| 28:16 | OIDA | Thorb0203 · wall_segment Palisade Wall x1 |
| 28:18 | OIDA | Thorb0203 · wall_segment Palisade Wall x1 |
| 28:20 | OIDA | Thorb0203 · wall_segment Palisade Wall x1 |
| 28:21 | KappaNub · age_up imperial |
| 28:28 | OIDA | Thorb0203 · wall_segment Palisade Wall x1 |
| 28:30 | Minaqua · first_building Castle |
| 28:30 | OIDA | Thorb0203 · wall_segment Palisade Wall x1 |
| 28:33 | OIDA | Thorb0203 · age_up imperial |
| 29:12 | TrCL.ovoin · age_up imperial |
| 29:14 | FMS · first_building Archery Range |
| 29:28 | TrCL.ovoin · first_market_sell 100 wood |
| 29:52 | KappaNub · first_building Castle |
| 30:22 | TrCL.ovoin · first_building Siege Workshop |
| 31:02 | FMS · wall_segment Palisade Wall x1 |
| 31:59 | TrCL.ovoin · first_market_buy 100 food |
| 32:04 | Peter_Pahn · wall_segment Palisade Wall x1 |
| 32:21 | OIDA | Kloerb · first_market_sell 100 wood |
| 32:34 | OIDA | Kloerb · first_building Archery Range |
| 32:38 | FMS · wall_segment Stone Wall x1 |
| 33:12 | Minaqua · age_up imperial |
| 34:27 | Peter_Pahn · first_building Archery Range |
| 34:43 | TrCL.ovoin · first_building Castle |
| 35:05 | OIDA | Thorb0203 · first_building Monastery |
| 35:34 | OIDA | Kloerb · age_up imperial |
| 35:42 | istakoski · age_up imperial |
| 37:35 | istakoski · wall_segment Stone Wall x4 |
| 38:17 | istakoski · wall_segment Palisade Wall x3 |
| 38:19 | istakoski · wall_segment Palisade Wall x5 |
| 38:21 | istakoski · wall_segment Palisade Wall x5 |
| 38:21 | istakoski · wall_segment Palisade Wall x1 |
| 38:22 | istakoski · wall_segment Palisade Wall x2 |
| 38:23 | istakoski · wall_segment Palisade Wall x1 |
| 40:19 | FMS · resign |
[ AI ANALYSIS · 1 CREDIT ]
What really happened in this match?
Wolo.gg analyzes every decision: build order, eco, micro, common mistakes by bracket. Personalized analysis on WhatsApp or Discord in 30 seconds.
Civ guide
Persians
Perfil
Jugador #7954918